Map: [ESL] Inside and Out

Players

maru

  • Race: Terran Terran
  • League: Diamond
  • Spawn Location: 1:00

DPGherO (herO) - Winner!

  • Race: Protoss Protoss
  • Spawn Location: 7:00

Event: TSL 9

VOD

Have the link to the VOD?

Description

Time

  • Played on: Sept. 2, 2022, 6:44 a.m.
  • Length: 18:32

All games in this series

Show
View Real Time Build Order
Export as new Build Order

maru Terran 

Build Orders:  

Get SALT Encoding   

  12  0:00  SCV  
  13  0:12  SCV  
  14  0:16  Supply Depot  
  14  0:24  SCV  
  15  0:38  SCV  
  15  0:39  Barracks  
  15  0:42  Refinery  
  16  0:50  SCV  
  16  0:52  Refinery  
  17  1:02  SCV  
  18  1:14  SCV  
  19  1:26  Reaper, Orbital Command  
  19  1:29  Supply Depot  
  20  1:40  Factory  
  20  1:52  SCV  
  21  1:58  Reaper  
  22  2:04  SCV  
  23  2:16  SCV  
  23  2:19  Command Center  
  24  2:24  Hellion  
  24  2:29  SCV  
  27  2:31  Barracks Reactor  
  27  2:37  Starport  
  27  2:41  SCV  
  28  2:46  Supply Depot  
  28  2:50  Widow Mine  
  30  2:53  SCV  
  31  3:07  SCV  
  31  3:11  Marine x2  
  36  3:13  Widow Mine  
  36  3:19  SCV  
  36  3:22  Medivac  
  35  3:29  Marine x2  
  35  3:31  SCV  
  35  3:32  Orbital Command  
  38  3:34  Factory Tech Lab  
  38  3:42  Bunker  
  38  3:44  SCV  
  38  3:47  Marine x2  
  39  3:57  SCV  
  38  4:05  Marine x2  
  38  4:07  SCV  
  41  4:12  Barracks  
  41  4:14  SCV  
  41  4:15  Factory Tech Lab  
  41  4:16  Raven  
  44  4:19  SCV  
  44  4:23  Engineering Bay, Supply Depot  
  45  4:26  Marine x2  
  47  4:33  SCV x2  
  47  4:35  Siege Tank  
  52  4:39  Refinery  
  52  4:43  Supply Depot  
  52  4:45  SCV  
  52  4:46  Marine x2  
  52  4:50  Terran Infantry Weapons Level 1  
  55  4:54  SCV  
  55  4:58  SCV  
  57  5:01  Barracks  
  57  5:06  SCV  
  58  5:07  Stimpack  
  58  5:10  Siege Tank  
  58  5:12  SCV  
  62  5:15  Supply Depot  
  62  5:16  Marine x2  
  62  5:17  Marine  
  62  5:19  SCV  
  66  5:23  Starport Reactor  
  66  5:29  SCV  
  66  5:31  Supply Depot  
  66  5:34  Marine x2  
  69  5:35  SCV  
  69  5:37  Marauder  
  69  5:40  Supply Depot  
  72  5:44  SCV  
  72  5:45  Refinery  
  72  5:48  SCV  
  74  5:50  Factory Reactor  
  74  5:59  Combat Shield, Marine x2, Marauder x2  
  79  6:05  Supply Depot, Medivac x2  
  79  6:10  SCV x2, Missile Turret  
  85  6:19  Marine  
  85  6:21  Marauder x2, Marine  
  89  6:29  SCV x2  
  89  6:31  Widow Mine x2  
  93  6:35  Supply Depot x2  
  93  6:37  Marine  
  94  6:40  Medivac  
  94  6:41  Medivac  
  94  6:46  Marine  
  99  6:47  Concussive Shells, Marauder  
  99  6:53  Widow Mine  
  101  6:56  Widow Mine  
  101  6:57  Supply Depot  
  103  7:03  Marine  
  103  7:04  Marauder  
  99  7:11  Medivac x2  
  99  7:15  Widow Mine  
  105  7:18  Widow Mine  
  105  7:21  Terran Infantry Armor Level 1  
  105  7:22  Marine x2  
  107  7:23  Marauder  
  111  7:33  Command Center  
  111  7:41  Marauder, Marine x2  
  115  7:44  Marauder  
  115  7:50  Widow Mine x2  
  117  7:55  Ghost Academy  
  117  7:56  SCV  
  114  8:01  Barracks  
  114  8:02  Barracks, SCV  
  115  8:06  Supply Depot  
  115  8:09  SCV  
  115  8:10  Marauder, Marine  
  115  8:11  Marauder  
  119  8:14  SCV  
  118  8:20  Widow Mine x2  
  118  8:21  SCV, Viking  
  118  8:24  Supply Depot  
  119  8:43  Viking  
  119  8:46  Ghost x2  
  120  8:48  Widow Mine x2  
  120  8:53  Orbital Command  
  118  8:58  Medivac  
  120  9:03  Enhanced Shockwaves  
  120  9:04  SCV  
  120  9:05  Barracks Tech Lab  
  120  9:08  Barracks Reactor  
  120  9:13  Medivac  
  122  9:18  Supply Depot  
  122  9:19  Widow Mine  
  122  9:20  Widow Mine  
  122  9:23  SCV x2  
  129  9:25  Ghost  
  129  9:28  Marauder  
  129  9:29  Marauder, Marine  
  136  9:35  Orbital Command  
  136  9:36  Marine  
  136  9:37  Supply Depot  
  138  9:45  Widow Mine  
  138  9:48  Marine x3  
  138  9:49  SCV x2, Marine, Ghost  
  146  9:54  Marauder  
  146  9:58  Marine  
  149  10:01  SCV x2  
  149  10:03  Widow Mine  
  149  10:05  Marine x2  
  149  10:06  Marine  
  149  10:07  Widow Mine, Ghost  
  158  10:13  SCV  
  163  10:15  Supply Depot, Armory  
  163  10:16  Supply Depot  
  161  10:24  Marauder, Marine  
  161  10:25  Widow Mine, Marauder, Marine  
  161  10:28  Widow Mine  
  171  10:33  Supply Depot, Refinery x2  
  169  10:36  Marauder  
  169  10:38  Viking x2  
  175  10:48  Ghost  
  176  10:50  Marine x2  
  176  10:52  Marauder  
  176  11:08  Ghost  
  173  11:12  Marine, Ghost  
  173  11:13  Marine  
  173  11:18  Medivac, Marauder  
  176  11:23  SCV  
  176  11:24  SCV x2  
  176  11:25  Command Center  
  181  11:27  Medivac  
  171  11:36  SCV  
  171  11:38  Marauder, Marine x2  
  171  11:39  SCV x2, Marauder  
  171  11:42  Widow Mine, Marauder  
  172  11:48  SCV  
  172  11:53  Terran Infantry Weapons Level 2  
  170  11:56  Engineering Bay, Medivac  
  170  11:57  Medivac  
  170  11:59  Marauder  
  176  12:04  Widow Mine  
  176  12:05  Widow Mine  
  176  12:08  Ghost  
  176  12:10  Marauder, Marine  
  181  12:21  Marauder, Marine x2  
  181  12:22  Marine  
  186  12:28  Marine  
  185  12:31  Marauder  
  187  12:37  Marauder  
  187  12:39  Marine  
  187  12:40  Terran Infantry Armor Level 2  
  187  12:42  Marine  
  187  12:43  Marauder  
  193  12:45  Medivac x2  
  197  12:53  Marauder  
  199  12:58  Marine  
  200  13:19  Widow Mine  
  200  13:25  Planetary Fortress  
  193  13:37  Medivac x2  
  193  13:38  Marauder, Marine  
  198  13:46  Ghost x2  
  198  13:47  Marine x3  
  171  13:50  Widow Mine x2  
  175  13:56  Barracks, Marine  
  175  13:57  Barracks  
  175  13:59  Ghost  
  176  14:07  Liberator x2  
  168  14:11  Widow Mine x2  
  168  14:15  Ghost x2  
  172  14:18  Marine x4  
  173  14:27  Ghost  
  170  14:33  Widow Mine x2  
  170  14:35  Marine  
  170  14:36  Marine x2  
  159  14:41  Orbital Command, Marine  
  159  14:44  Marauder x2  
  137  14:53  Terran Infantry Weapons Level 3, Marine  
  137  14:54  Widow Mine  
  137  14:57  Marauder  
  127  15:00  Widow Mine  
  127  15:06  Marauder x2  
  136  15:07  Marine x2  
  136  15:11  Barracks Tech Lab x2  
  135  15:15  Widow Mine  
  135  15:16  Orbital Command  
  135  15:18  Marauder  
  135  15:21  Marine  
  139  15:27  Marauder x2  
  144  15:40  Marauder  
  138  15:43  Marauder, Marine  
  138  15:45  Widow Mine x2  
  138  15:46  SCV x2  
  138  15:47  SCV  
  138  15:48  Marauder  
  149  16:01  Marauder, Marine  
  142  16:08  Liberator x2  
  148  16:13  Marine  
  148  16:14  Marauder x2  
  153  16:27  Marauder, Marine  
  156  16:36  Widow Mine x2, Marine x2  
  156  16:37  Marauder x2  
  166  16:45  Marauder, Marine  
  169  17:00  Medivac  
  169  17:01  Marauder x2, Marine x4  
  149  17:06  Marauder  
  153  17:10  Orbital Command  
  130  17:23  Marauder x3, Marine  
  137  17:32  Marauder x2, Marine x2  
  137  17:36  Marine  
  144  17:40  Marine  
  143  17:46  Marauder, Marine x2  
  143  17:50  Marine  
  133  18:10  Marine  
  133  18:11  Marauder  
Show
View Real Time Build Order
Export as new Build Order

DPGherO Protoss - Winner!

Build Orders: 1 Gate Expand, Archon Immortal, Blink Stalkers 

Get SALT Encoding   

  12  0:00  Probe  
  13  0:12  Probe  
  14  0:18  Pylon  
  14  0:24  Probe (Chrono Boost)  
  15  0:36  Probe (Chrono Boost)  
  15  0:37  Gateway  
  16  0:44  Probe (Chrono Boost)  
  16  0:47  Assimilator  
  17  0:51  Probe  
  18  1:03  Probe  
  20  1:24  Zealot, Cybernetics Core  
  21  1:35  Nexus  
  21  1:41  Pylon  
  21  1:45  Assimilator  
  21  1:48  Probe  
  22  1:57  Stalker (Chrono Boost)  
  22  2:00  Probe  
  25  2:02  Warp Gate  
  25  2:13  Probe  
  26  2:20  Stalker  
  28  2:25  Probe  
  29  2:32  Twilight Council  
  29  2:37  Probe  
  30  2:48  Probe  
  30  2:50  Stalker  
  33  2:52  Probe  
  33  2:56  Gateway  
  34  3:01  Probe, Blink (Chrono Boost)  
  34  3:04  Probe  
  36  3:16  Probe  
  35  3:25  Probe  
  35  3:28  Probe  
  35  3:33  Robotics Facility  
  36  3:37  Probe  
  36  3:40  Probe  
  36  3:41  Pylon  
  38  3:50  Probe  
  38  3:52  Probe  
  38  3:54  Stalker  
  42  4:02  Stalker  
  44  4:06  Probe  
  44  4:07  Probe  
  44  4:19  Probe x2, Stalker  
  44  4:21  Observer  
  49  4:25  Stalker  
  49  4:31  Probe x2  
  53  4:38  Nexus  
  53  4:42  Observer (Chrono Boost)  
  54  4:46  Pylon  
  54  4:47  Assimilator  
  54  4:50  Assimilator  
  54  4:54  Pylon  
  54  5:00  Warp Prism (Chrono Boost)  
  54  5:04  Probe x2  
  58  5:12  Observer  
  58  5:16  Probe x2  
  58  5:19  Templar Archives  
  60  5:22  Charge  
  60  5:27  Immortal (Chrono Boost)  
  60  5:28  Probe x2  
  66  5:40  Probe, Pylon  
  66  5:42  Gateway  
  67  5:44  Observer  
  67  5:46  Gateway  
  67  5:50  Observer  
  67  6:01  High Templar x2  
  67  6:03  Gateway  
  67  6:04  Gateway  
  71  6:05  Gateway  
  71  6:10  Gateway  
  71  6:16  Psionic Storm  
  71  6:19  Observer  
  71  6:20  Probe x2  
  70  6:32  Probe x2  
  70  6:35  Probe  
  72  6:44  Zealot x2, High Templar  
  78  6:50  Pylon  
  78  6:52  Probe x3  
  81  6:57  Observer  
  81  6:58  Archon  
  81  7:02  High Templar  
  81  7:04  Probe x2  
  81  7:05  Probe  
  82  7:10  Stalker x3  
  82  7:13  Stalker  
  90  7:17  Probe x2  
  90  7:18  Probe  
  90  7:21  High Templar  
  95  7:29  Immortal (Chrono Boost)  
  95  7:31  Pylon x2  
  90  7:56  Zealot x7  
  104  7:58  Zealot  
  104  8:02  Probe x3  
  104  8:05  Pylon  
  107  8:06  Pylon  
  107  8:12  Shield Battery  
  107  8:15  Immortal (Chrono Boost)  
  109  8:20  Sentry, High Templar x2  
  109  8:22  Zealot  
  109  8:25  Archon  
  109  8:26  Zealot x3  
  122  8:30  Archon  
  122  8:31  Probe x2  
  122  8:32  Probe  
  113  8:51  Probe x2  
  113  8:52  Probe  
  113  8:54  Pylon  
  113  8:55  High Templar x2, Pylon  
  118  8:58  Assimilator  
  118  8:59  Assimilator  
  118  9:00  Forge  
  120  9:03  Probe  
  120  9:04  Probe x2  
  120  9:08  Forge  
  123  9:12  Immortal  
  123  9:15  Probe  
  123  9:16  Probe x2  
  130  9:22  Robotics Facility  
  130  9:25  Robotics Bay  
  130  9:26  Pylon  
  130  9:32  Nexus  
  130  9:37  Protoss Ground Weapons Level 1 (Chrono Boost), Protoss Ground Armor Level 1 (Chrono Boost)  
  130  9:39  Pylon  
  130  9:42  Photon Cannon  
  130  9:47  Zealot, High Templar  
  130  9:49  Pylon  
  135  9:53  Zealot, Observer (Chrono Boost), Pylon  
  135  10:09  Disruptor (Chrono Boost), Shield Battery  
  135  10:11  Disruptor (Chrono Boost)  
  135  10:14  Gravitic Boosters  
  140  10:21  Probe x3  
  140  10:27  Pylon  
  140  10:35  Disruptor (Chrono Boost)  
  140  10:36  Disruptor (Chrono Boost)  
  140  10:38  Zealot x8  
  157  11:01  Stalker  
  157  11:03  Disruptor (Chrono Boost)  
  160  11:05  Disruptor (Chrono Boost)  
  155  11:11  Zealot  
  155  11:12  Zealot x6  
  155  11:16  Archon  
  165  11:28  Zealot  
  156  11:33  Disruptor (Chrono Boost)  
  156  11:34  Disruptor (Chrono Boost)  
  156  11:38  Stalker x3  
  150  11:44  Zealot x4  
  156  11:57  Zealot  
  158  12:02  Disruptor (Chrono Boost), Gateway x2  
  158  12:03  Disruptor (Chrono Boost)  
  164  12:09  Stalker x6  
  164  12:14  Zealot  
  178  12:20  Zealot  
  169  12:40  Stalker x8  
  183  12:46  Protoss Ground Armor Level 2 (Chrono Boost), Observer, Warp Prism x2 (Chrono Boost), Protoss Ground Weapons Level 2 (Chrono Boost)  
  183  12:47  Observer  
  181  12:51  Probe x4  
  181  12:53  Assimilator  
  181  12:58  Assimilator  
  183  13:08  Pylon  
  183  13:10  Zealot x3  
  186  13:27  Stalker x6  
  181  13:37  Stalker x3  
  187  13:45  Warp Prism (Chrono Boost)  
  183  13:51  Robotics Facility  
  183  13:52  Robotics Facility  
  183  13:53  Robotics Bay  
  181  14:10  Zealot  
  181  14:11  Zealot x3  
  183  14:17  Observer  
  173  14:35  Zealot x3  
  162  14:39  Stalker  
  162  14:40  Stalker  
  162  14:42  Stalker x5  
  179  15:02  Gravitic Drive (Chrono Boost)  
  188  15:08  Colossus (Chrono Boost)  
  188  15:09  Colossus (Chrono Boost)  
  188  15:10  Pylon  
  188  15:13  Pylon  
  187  15:15  Protoss Ground Armor Level 3 (Chrono Boost), Colossus (Chrono Boost), Protoss Ground Weapons Level 3 (Chrono Boost), Pylon  
  185  15:30  Sentry x2  
  189  15:37  Nexus  
  186  15:45  Stalker x7  
  183  16:07  Pylon x2  
  183  16:08  Pylon  
  183  16:09  Nexus  
  183  16:15  Pylon  
  183  16:17  Pylon  
  183  16:23  Pylon  
  183  16:24  Disruptor x2  
  183  16:25  Disruptor  
  189  16:33  Zealot x3  
  189  16:34  Zealot x2  
  198  16:49  Shield Battery  
  198  16:51  Photon Cannon  
  195  17:04  Assimilator  
  195  17:06  Assimilator  
  195  17:08  Disruptor (Chrono Boost)  
  195  17:12  Observer (Chrono Boost)  
  190  17:19  Observer (Chrono Boost)  
  183  17:28  Stalker x5  
  183  17:29  Stalker x3  
  199  17:34  Nexus  
  199  17:38  Pylon  
  163  18:18  Stalker x9  
  163  18:19  Stalker  
  181  18:31  Pylon  
Tags
 
Add a new tag
Caveats
  • Supply blocks, unpowered buildings, or Contaminate may cause inaccurate times.
  • Supply counts are checked every 10 seconds.